[Event "Titled Tuesday Blitz June 15 2021"]
[White "Paravyan, David"]
[Black "Shahade, Gregory"]
[WhiteFideId "4194985"]
[BlackFideId "2009064"]
[WhiteElo "2562"]
[BlackElo "2721"]
[Result "1-0"]
[Round "03"]
[TimeControl "180+1"]
[Date "2021.06.15"]
[WhiteClock "0:00:08"]
[BlackClock "0:00:14"]

1. e4 e5 2. f4 exf4 3. Nf3 Nf6 4. Nc3 d5 5. e5 Nh5 6. d4 Bg4 7. Qd3 Be7 8. Qb5+ Nc6 9. Qxb7 Nb4 10. Qb5+ c6 11. Qa4 Bf5 12. Bd3 Bxd3 13. cxd3 O-O 14. O-O Nxd3 15. Qxc6 Nb4 16. Qb5 Rb8 17. Qe2 g6 18. Bd2 Qb6 19. Be1 Rfd8 20. Bf2 Ng7 21. Rad1 Nf5 22. Qd2 Nc6 23. b3 Bb4 24. Qd3 Qa5 25. Na4 Be7 26. Rc1 Nb4 27. Qd2 Qb5 28. Rc7 Rd7 29. Rxd7 Qxd7 30. Qxf4 Nd3 31. Qd2 Nxf2 32. Qxf2 Rc8 33. Nc5 Qb5 34. g4 Rxc5 35. gxf5 Rc7 36. f6 Bf8 37. Kh1 Qd3 38. Re1 Rc2 39. Qe3 Qf5 40. e6 fxe6 41. Qxe6+ Qxe6 42. Rxe6 Kf7 43. Ra6 Rc7 44. Ng5+ Kg8 45. f7+ Kh8 46. Re6 Kg7 47. Re8 Rc1+ 48. Kg2 Rc2+ 49. Kf3 Bb4 50. Rg8+ Kh6 51. h4 Rc3+ 52. Kg2 Rc2+ 53. Kf3 Rc1 54. Ke2 Rc2+ 55. Kf1 Rc1+ 56. Kf2 Rc2+ 57. Kg1 Rc1+ 58. Kh2 Rc2+ 59. Kg3 Rc3+ 60. Nf3 Rc7 61. f8=Q+ Bxf8 62. Rxf8 Rc2 63. a4 Rc3 64. Rb8 Kh5 65. Rb7 h6 66. Rxa7 g5 67. hxg5 hxg5 68. Rh7+ Kg6 69. Rd7 Rxb3 70. Rxd5 Ra3 71. Rxg5+ Kh6 72. a5 Kh7 73. Kf4 Kh6 74. Rc5 Kh7 75. Ne5 Kh8 76. Ke4 Kg7 77. Nc4 Ra4 78. Kd5 Kf7 79. Kc6 Ke6 80. d5+ Ke7 81. d6+ Kd8 82. Kd5 Ra1 83. Ne5 Rd1+ 84. Ke6 Re1 85. Rb5 Kc8 86. d7+ Kc7 87. Rc5+ Kb7 88. d8=Q Rb1 89. Qc7+ Ka6 90. Rc6+ Kb5 91. Qb6+ Ka4 92. Rc4+ Ka3 93. Rc3+ Ka2 94. Qxb1+ Kxb1 95. Rc4 Kb2 96. a6 Kb3 97. a7 Kb2 98. a8=Q Kb1 99. Qa4 Kb2 100. Rc2+ Kb1 101. Qa2# 1-0


[Site "https://www.chess.com"]

[Event "Titled Tuesday Blitz June 15 2021"]
[White "Pastar, Slaven"]
[Black "Liang, Jason"]
[WhiteFideId "14402718"]
[BlackFideId "30940303"]
[WhiteElo "2227"]
[BlackElo "1976"]
[Result "1-0"]
[Round "03"]
[TimeControl "180+1"]
[Date "2021.06.15"]
[WhiteClock "0:00:18"]
[BlackClock "0:00:51"]

1. b3 Nf6 2. Bb2 e6 3. e3 Be7 4. c4 O-O 5. Nf3 b6 6. Nc3 Bb7 7. d4 d5 8. Rc1 c5 9. cxd5 Nxd5 10. dxc5 Bxc5 11. Nxd5 Qxd5 12. Qxd5 Bxd5 13. Bc4 Rd8 14. O-O Nc6 15. Ne5 Nxe5 16. Bxe5 Bxc4 17. Rxc4 Rd2 18. b4 Bf8 19. a4 a6 20. Rc6 b5 21. axb5 axb5 22. Rb6 Rd5 23. Bc3 Rc8 24. Be1 Rc1 25. f4 Rdd1 26. Kf2 Bxb4 27. Rb8+ Bf8 28. Rxb5 h5 29. Rb8 g6 30. Ke2 Ra1 31. Rxf8+ Kxf8 32. Bb4+ Kg7 33. Rxd1 Ra2+ 34. Rd2 Ra4 35. Bc3+ Kf8 36. Bf6 Ra8 37. Rd8+ Rxd8 38. Bxd8 Ke8 39. Bf6 Kd7 40. Kd3 Kd6 41. Kd4 Kc6 42. Ke5 Kd7 43. h4 Ke8 44. Bg5 Kf8 45. Kf6 Kg8 46. Ke7 Kg7 47. Bf6+ Kg8 48. e4 e5 49. fxe5 Kh7 50. Kxf7 g5 51. e6 g4 52. e7 g3 53. e8=Q Kh6 54. Qh8# 1-0


[Site "https://www.chess.com"]

[Event "Titled Tuesday Blitz June 15 2021"]
[White "Petriashvili, Nikoloz"]
[Black "Napoli, Nicolo"]
[WhiteFideId "13611216"]
[BlackFideId "813702"]
[WhiteElo "2430"]
[BlackElo "2330"]
[Result "1-0"]
[Round "03"]
[TimeControl "180+1"]
[Date "2021.06.15"]
[WhiteClock "0:00:41"]
[BlackClock "0:00:41"]

1. d4 g6 2. e4 Bg7 3. Nc3 c6 4. h3 d5 5. Nf3 Nh6 6. Bf4 f6 7. e5 O-O 8. exf6 exf6 9. Be2 Nf7 10. O-O f5 11. Na4 Nd7 12. b3 Nf6 13. Nc5 Ne4 14. Nd3 g5 15. Be5 Nxe5 16. Nfxe5 Re8 17. Re1 c5 18. Bh5 Re7 19. c3 Nxc3 20. Qc1 Ne4 21. Nxc5 Nxc5 22. Qxc5 Be6 23. Rac1 Rc8 24. Qxa7 Rec7 25. Qb6 Rxc1 26. Qxe6+ 1-0


[Site "https://www.chess.com"]

[Event "Titled Tuesday Blitz June 15 2021"]
[White "Ponkratov, Pavel"]
[Black "Nguyen, Quoc Hy"]
[WhiteFideId "4157800"]
[BlackFideId "12410853"]
[WhiteElo "2826"]
[BlackElo "2634"]
[Result "1-0"]
[Round "03"]
[TimeControl "180+1"]
[Date "2021.06.15"]
[WhiteClock "0:02:23"]
[BlackClock "0:00:18"]

1. d4 d5 2. c4 c6 3. Nf3 e6 4. e3 f5 5. Nbd2 Nf6 6. Bd3 Bd6 7. O-O O-O 8. b3 Bd7 9. a4 Qe7 10. Ne5 Be8 11. f4 Bh5 12. Qc2 Nbd7 13. c5 Bxe5 14. dxe5 Ne4 15. b4 a5 16. Ba3 axb4 17. Bxb4 b6 18. Bxe4 fxe4 19. Nb3 bxc5 20. Bxc5 Nxc5 21. Qxc5 Qxc5 22. Nxc5 Kf7 23. Rfb1 Rfb8 24. Rxb8 Rxb8 25. a5 Be2 26. a6 Ra8 27. a7 Ke7 28. Kf2 Bb5 29. g4 g6 30. h4 h5 31. gxh5 gxh5 32. Ke1 Bc4 33. Kd2 Bb5 34. Kc3 Bc4 35. Kd4 Bb5 36. Nb7 Kd7 37. Kc5 Kc7 38. Nd6 Be2 39. f5 exf5 40. e6 f4 41. exf4 Bg4 42. e7 Bd7 43. f5 e3 44. f6 e2 45. f7 1-0


[Site "https://www.chess.com"]

[Event "Titled Tuesday Blitz June 15 2021"]
[White "Popilski, Gil"]
[Black "Fier, Alexandr"]
[WhiteFideId "2809060"]
[BlackFideId "2107139"]
[WhiteElo "2537"]
[BlackElo "2569"]
[Result "1/2-1/2"]
[Round "03"]
[TimeControl "180+1"]
[Date "2021.06.15"]
[WhiteClock "0:00:13"]
[BlackClock "0:01:01"]

1. e4 c5 2. Nf3 a6 3. c3 d5 4. exd5 Nf6 5. d4 cxd4 6. c4 e6 7. Qxd4 exd5 8. cxd5 Qxd5 9. Nc3 Qxd4 10. Nxd4 Bb4 11. Bd2 O-O 12. O-O-O Bc5 13. Bg5 Ng4 14. Ne4 Ba7 15. h3 Ne5 16. Be2 Nbc6 17. Be3 Nxd4 18. Bxd4 Bf5 19. Nd6 Bxd4 20. Rxd4 Bg6 21. f4 Nc6 22. Rd2 f6 23. Bc4+ Kh8 24. Re1 Na5 25. Be6 Be8 26. Bd5 Bc6 27. Nf7+ Kg8 28. Nh6+ Kh8 29. Nf7+ Kg8 30. Nh6+ Kh8 31. Nf7+ 1/2-1/2


[Site "https://www.chess.com"]

[Event "Titled Tuesday Blitz June 15 2021"]
[White "Real De Azua, Ernesto"]
[Black "Har-Zvi, Ronen"]
[WhiteFideId "108154"]
[BlackFideId "2801485"]
[WhiteElo "2638"]
[BlackElo "2834"]
[Result "0-1"]
[Round "03"]
[TimeControl "180+1"]
[Date "2021.06.15"]
[WhiteClock "0:00:01"]
[BlackClock "0:00:44"]

1. d4 d5 2. c4 c6 3. Nc3 Nf6 4. Nf3 dxc4 5. a4 Bf5 6. e3 e6 7. Bxc4 Nbd7 8. O-O Bb4 9. Qe2 O-O 10. e4 Bg6 11. Bd3 Bh5 12. e5 Nd5 13. Nxd5 cxd5 14. Qe3 Be7 15. Ng5 Bxg5 16. Qxg5 Qxg5 17. Bxg5 Rac8 18. Rfc1 Nb8 19. Bd2 Nc6 20. Bc3 Bg6 21. Be2 f6 22. exf6 gxf6 23. b4 Ne7 24. b5 Kf7 25. Bb4 Rxc1+ 26. Rxc1 Rc8 27. Rxc8 Nxc8 28. f3 e5 29. Bc3 Ke6 30. Kf2 Nd6 31. g4 b6 32. Ke3 Bc2 33. a5 Ba4 34. axb6 axb6 35. Bb4 Nxb5 36. Bxb5 Bxb5 37. h4 Ba4 38. Ba3 Bd1 39. Bb2 b5 40. Bc3 exd4+ 41. Bxd4 b4 42. Kf4 b3 43. g5 fxg5+ 44. hxg5 Bxf3 45. Kxf3 Kf5 46. Ke3 Kxg5 47. Bb2 h5 48. Kd4 h4 49. Ba3 h3 50. Kc3 0-1


[Site "https://www.chess.com"]

[Event "Titled Tuesday Blitz June 15 2021"]
[White "Ronka, Erik"]
[Black "Martinez Alcantara, Jose Eduardo"]
[WhiteFideId "505080"]
[BlackFideId "3805662"]
[WhiteElo "2264"]
[BlackElo "2690"]
[Result "0-1"]
[Round "03"]
[TimeControl "180+1"]
[Date "2021.06.15"]
[WhiteClock "0:00:02"]
[BlackClock "0:00:05"]

1. d4 Nf6 2. c4 e6 3. Nc3 Bb4 4. a3 Bxc3+ 5. bxc3 c5 6. e3 Nc6 7. Bd3 b6 8. Rb1 Ba6 9. Nf3 Na5 10. Qe2 Rc8 11. d5 d6 12. O-O O-O 13. e4 Re8 14. Bg5 h6 15. Bh4 Qe7 16. Rfe1 e5 17. Nd2 g5 18. Bg3 Kh8 19. Nf1 Rcd8 20. Ne3 Bc8 21. f3 Rg8 22. Rf1 Nh5 23. Kf2 Nf4 24. Qd2 Qe8 25. Rh1 f6 26. h4 g4 27. Bxf4 exf4 28. Nf5 Bxf5 29. exf5 g3+ 30. Kf1 Qe3 31. Qxe3 fxe3 32. Ke2 Rde8 33. Rh3 Rg7 34. f4 Ree7 35. Rf1 Kg8 36. Rf3 Nb3 37. Rxe3 Nc1+ 38. Kd2 Nb3+ 39. Ke2 Nc1+ 40. Kd2 Rxe3 41. Kxe3 Nb3 42. Kf3 Nd2+ 43. Ke2 Nb3 44. Kf3 Kf8 45. Rxg3 Rh7 46. Rg6 Kf7 47. g4 Rh8 48. g5 hxg5 49. fxg5 fxg5 50. hxg5 Rh3+ 51. Ke4 Nd2+ 52. Kf4 Rf3+ 53. Kg4 Rxd3 54. Rxd6 Nxc4 55. Rd7+ Ke8 56. Rxa7 Ne3+ 57. Kh5 Nxf5 58. Kg6 Rxd5 59. Kf6 Nh4 60. g6 Rd6+ 61. Ke5 Rxg6 62. a4 Kd8 63. a5 bxa5 64. Rxa5 Rg5+ 65. Kd6 Nf5+ 66. Ke6 Ne3 67. Kd6 Nc4+ 68. Kc6 Nxa5+ 0-1


[Site "https://www.chess.com"]

[Event "Titled Tuesday Blitz June 15 2021"]
[White "Rud_Makarian"]
[Black "Jarmula, Lukasz"]
[BlackFideId "1160664"]
[WhiteElo "2752"]
[BlackElo "2244"]
[Result "1-0"]
[Round "03"]
[TimeControl "180+1"]
[Date "2021.06.15"]
[WhiteClock "0:00:47"]
[BlackClock "0:00:30"]

1. d3 d5 2. f4 g6 3. Nf3 Bg7 4. g3 Nf6 5. Bg2 O-O 6. O-O c5 7. Ne5 Qc7 8. e4 dxe4 9. dxe4 Rd8 10. Qe2 b6 11. Nc3 Ba6 12. Nb5 Qc8 13. c4 Bb7 14. Nc3 e6 15. Be3 Nc6 16. Nxc6 Bxc6 17. e5 Nd7 18. Rad1 Bf8 19. Ne4 Qb7 20. Rxd7 Rxd7 21. Nf6+ Kg7 22. Nxd7 Qxd7 23. Rd1 Qb7 24. Bxc6 Qxc6 25. Qg2 Qc8 26. h4 h5 27. g4 hxg4 28. Qxg4 Qc6 29. Qg2 Qc8 30. h5 Be7 31. hxg6 fxg6 32. Qh3 Qc6 33. f5 Rh8 34. f6+ Kf7 35. Qxh8 1-0


[Site "https://www.chess.com"]

[Event "Titled Tuesday Blitz June 15 2021"]
[White "San, Thit Lwin"]
[Black "Aditya Mittal"]
[WhiteFideId "13001272"]
[BlackFideId "35042025"]
[WhiteElo "2232"]
[BlackElo "2171"]
[Result "0-1"]
[Round "03"]
[TimeControl "180+1"]
[Date "2021.06.15"]
[WhiteClock "0:00:04"]
[BlackClock "0:00:50"]

1. Nf3 d5 2. c4 c6 3. d4 Nf6 4. Nc3 e6 5. e3 Nbd7 6. Qc2 Bd6 7. b3 O-O 8. Bb2 e5 9. cxd5 cxd5 10. Nb5 Bb4+ 11. Bc3 Qa5 12. Bxb4 Qxb4+ 13. Qd2 Qxd2+ 14. Nxd2 a6 15. dxe5 Nxe5 16. Nd4 Bg4 17. f3 Bd7 18. Be2 Nc6 19. Rc1 Nxd4 20. exd4 Rac8 21. Kf2 Rfe8 22. Bd3 g6 23. Rc5 Bc6 24. Re1 Nh5 25. Rxe8+ Rxe8 26. g3 Ng7 27. Bxa6 Ne6 28. Rc1 bxa6 29. Rxc6 Nxd4 30. Rd6 Re2+ 31. Kf1 Rxd2 32. Rxd5 Nxf3 33. Rxd2 Nxd2+ 34. Ke2 Ne4 35. Kd3 f5 36. b4 Kf7 37. a4 Ke6 38. Kc4 Kd6 39. b5 a5 40. Kd4 Nc5 0-1


[Site "https://www.chess.com"]

[Event "Titled Tuesday Blitz June 15 2021"]
[White "Sanal, Vahap"]
[Black "Vlassov, Nikolai"]
[WhiteFideId "6300545"]
[BlackFideId "4103360"]
[WhiteElo "2507"]
[BlackElo "2407"]
[Result "1-0"]
[Round "03"]
[TimeControl "180+1"]
[Date "2021.06.15"]
[WhiteClock "0:00:16"]
[BlackClock "0:00:15"]

1. e4 Nc6 2. d4 d5 3. e5 h5 4. c3 Bg4 5. Qb3 Na5 6. Qa4+ c6 7. Nd2 b5 8. Qc2 Nh6 9. Bd3 g6 10. Ngf3 Nc4 11. O-O Bf5 12. Nb3 e6 13. a4 a6 14. Nc5 Bxc5 15. dxc5 Bxd3 16. Qxd3 Nf5 17. Bg5 Qc7 18. Bf6 Rg8 19. Nd4 Nxb2 20. Qb1 Nxa4 21. Qc1 Nxc5 22. Qa3 Qb6 23. Rfb1 Kd7 24. h3 Rge8 25. Rd1 Ne4 26. Ra2 c5 27. Nf3 Nxf6 28. exf6 Kc7 29. Ne5 Rf8 30. Nd3 Kd6 31. Rad2 Rfc8 32. Qb2 Kd7 33. Ne5+ Ke8 34. g4 hxg4 35. hxg4 Nd6 36. Rd3 Rab8 37. Rh3 Kd8 38. Rh7 Rb7 39. Qd2 b4 40. Qh6 bxc3 41. Qf8+ Kc7 42. Qe7+ Kb8 43. Nd7+ Rxd7 44. Qxd7 c2 45. Rc1 Qb1 46. Qxd6+ Kb7 47. Rxf7+ Ka8 48. Qxa6+ Kb8 49. Qa7# 1-0


[Site "https://www.chess.com"]

[Event "Titled Tuesday Blitz June 15 2021"]
[White "Sarana, Alexey"]
[Black "Maly, Alexey"]
[WhiteFideId "24133795"]
[BlackFideId "14103184"]
[WhiteElo "2629"]
[BlackElo "2285"]
[Result "1/2-1/2"]
[Round "03"]
[TimeControl "180+1"]
[Date "2021.06.15"]
[WhiteClock "0:01:28"]
[BlackClock "0:01:28"]

1. e4 c6 2. Nf3 d5 3. Nc3 Bg4 4. h3 Bxf3 5. Qxf3 e6 6. Be2 Nf6 7. O-O dxe4 8. Nxe4 Nxe4 9. Qxe4 Nd7 10. b3 Nf6 11. Qe3 g6 12. Bb2 Bg7 13. Qc5 Qe7 14. Qxe7+ Kxe7 15. a4 a5 16. Rad1 Rhd8 17. g3 h5 18. Kg2 Kf8 19. Ba3+ Ke8 20. f4 Nd5 21. Kf3 Nb4 22. c3 Nd5 23. Bc4 Rab8 24. g4 hxg4+ 25. hxg4 b5 26. axb5 cxb5 27. Bxd5 Rxd5 28. Ke2 b4 29. cxb4 axb4 30. Bc1 Rc8 31. f5 gxf5 32. gxf5 Rxf5 33. Rxf5 exf5 34. Rf1 Kd7 35. d3 Ke6 36. Bd2 Rc2 1/2-1/2


[Site "https://www.chess.com"]

[Event "Titled Tuesday Blitz June 15 2021"]
[White "Senthil Maran K"]
[Black "SpeedofLight0"]
[WhiteFideId "25035681"]
[WhiteElo "2194"]
[BlackElo "2787"]
[Result "0-1"]
[Round "03"]
[TimeControl "180+1"]
[Date "2021.06.15"]
[WhiteClock "0:00:02"]
[BlackClock "0:00:33"]

1. d4 Nf6 2. c4 e6 3. g3 d5 4. Bg2 dxc4 5. Nf3 a6 6. O-O Nc6 7. Nbd2 b5 8. b3 Bb7 9. Bb2 cxb3 10. Nxb3 Nb4 11. a3 Nbd5 12. Qc2 c6 13. e4 Nb6 14. Na5 Qc7 15. Ne5 Rc8 16. Rac1 Na4 17. Nxb7 Qxb7 18. d5 Nxb2 19. Qxb2 cxd5 20. exd5 Nxd5 21. Rxc8+ Qxc8 22. Rc1 Qb7 23. Qd4 Bxa3 24. Nc6 Bxc1 25. Qxg7 Qxc6 26. Qxh8+ Ke7 27. Qa8 Qxa8 0-1


[Site "https://www.chess.com"]

[Event "Titled Tuesday Blitz June 15 2021"]
[White "Seo, Jung Min"]
[Black "Perera Alfonso, Rene Humberto"]
[WhiteFideId "1734687"]
[BlackFideId "3514722"]
[WhiteElo "2486"]
[BlackElo "2313"]
[Result "1-0"]
[Round "03"]
[TimeControl "180+1"]
[Date "2021.06.15"]
[WhiteClock "0:01:34"]
[BlackClock "0:00:26"]

1. Nf3 d5 2. d4 Nf6 3. c4 c6 4. Nc3 dxc4 5. a4 Bf5 6. e3 e6 7. Bxc4 Bb4 8. O-O Nbd7 9. Qe2 Bg4 10. h3 Bxf3 11. Qxf3 O-O 12. Rd1 Rc8 13. Qe2 Qe7 14. Bd2 e5 15. dxe5 Nxe5 16. Bb3 Rfe8 17. Be1 h6 18. Rd4 Rcd8 19. Rad1 Rxd4 20. Rxd4 a5 21. Qd1 c5 22. Nd5 Nxd5 23. Rxd5 c4 24. Bc2 Rc8 25. Bc3 Bxc3 26. bxc3 b6 27. Qd4 Nd3 28. Qxb6 Qa3 29. Rd8+ Rxd8 30. Qxd8+ 1-0


[Site "https://www.chess.com"]

[Event "Titled Tuesday Blitz June 15 2021"]
[White "Shapiro, David"]
[Black "Kamsky, Gata"]
[WhiteFideId "24133523"]
[BlackFideId "2000024"]
[WhiteElo "2234"]
[BlackElo "2644"]
[Result "0-1"]
[Round "03"]
[TimeControl "180+1"]
[Date "2021.06.15"]
[WhiteClock "0:00:24"]
[BlackClock "0:01:14"]

1. d4 Nf6 2. Bf4 g6 3. Nc3 d5 4. e3 c6 5. Nf3 Bg4 6. Be2 Bxf3 7. Bxf3 Nbd7 8. Qe2 Bg7 9. h4 h5 10. O-O-O Qa5 11. Kb1 Nb6 12. e4 Nc4 13. Bc1 e6 14. exd5 cxd5 15. Nxd5 Na3+ 16. bxa3 Nxd5 17. Bb2 Rc8 18. Rd3 O-O 19. Rb3 Nc3+ 20. Bxc3 Rxc3 21. Qb5 Rxb3+ 22. Qxb3 Bxd4 23. Rd1 Bxf2 24. Qxb7 Bg3 25. Qb3 Rb8 26. Bb7 Qc7 0-1


[Site "https://www.chess.com"]

[Event "Titled Tuesday Blitz June 15 2021"]
[White "Shapkin, Anatoliy"]
[Black "Plotnikov, Pavel"]
[WhiteFideId "34108332"]
[BlackFideId "4170342"]
[WhiteElo "2223"]
[BlackElo "2298"]
[Result "0-1"]
[Round "03"]
[TimeControl "180+1"]
[Date "2021.06.15"]
[WhiteClock "0:00:12"]
[BlackClock "0:00:11"]

1. d4 Nf6 2. c4 g6 3. Nc3 Bg7 4. Nf3 d6 5. e4 O-O 6. Be2 e5 7. O-O Nc6 8. dxe5 Nxe5 9. Nd4 Nc6 10. Be3 Qe7 11. f3 Bd7 12. Qd2 Rad8 13. Nc2 Rfe8 14. Rfd1 Ne5 15. Rac1 Be6 16. Bf1 Nxc4 17. Bxc4 Bxc4 18. b3 Be6 19. Nd4 Bc8 20. Ndb5 a6 21. Nd4 d5 22. Bf2 dxe4 23. fxe4 Nxe4 24. Nxe4 Qxe4 25. Re1 Qd5 26. Rxe8+ Rxe8 27. Qb4 a5 28. Qb5 Qxb5 29. Nxb5 c6 30. Nd6 Rd8 31. Nxc8 Rxc8 32. Bb6 Bf6 33. a4 Bd8 34. Bd4 Bc7 35. g3 f5 36. Bc3 Kf7 37. Kf1 Rd8 38. Ke2 Bb6 39. Rf1 Ke6 40. g4 Bc7 41. gxf5+ gxf5 42. Rf3 Rg8 43. Rh3 Rg2+ 44. Kd3 Rxh2 45. Re3+ Kf7 46. b4 f4 47. Re1 Rh3+ 48. Kc2 f3 49. bxa5 f2 50. Rf1 Rf3 51. Bd2 h5 52. Kd1 Bg3 53. Ke2 Rf6 54. Bc3 Re6+ 55. Kf3 Re1 56. Kg2 Rxf1 57. Kxf1 h4 58. Bd4 Ke6 59. Kg2 Kd5 60. Bb6 Kc4 61. Be3 Kb4 62. Bb6 Kxa4 63. Kf1 h3 64. a6 bxa6 65. Bxf2 Bxf2 0-1


[Site "https://www.chess.com"]

[Event "Titled Tuesday Blitz June 15 2021"]
[White "Shkapenko, Pavel"]
[Black "Quparadze, Giga"]
[WhiteFideId "4151933"]
[BlackFideId "13602250"]
[WhiteElo "2386"]
[BlackElo "2658"]
[Result "0-1"]
[Round "03"]
[TimeControl "180+1"]
[Date "2021.06.15"]
[WhiteClock "0:00:21"]
[BlackClock "0:02:06"]

1. e4 c5 2. c3 d5 3. exd5 Qxd5 4. d4 g6 5. dxc5 Qxc5 6. Be3 Qc7 7. Na3 a6 8. Nc4 Nd7 9. Qd2 b5 10. Nb6 Nxb6 11. Qd4 Nf6 12. Qxb6 Qxb6 13. Bxb6 Bb7 14. a4 b4 15. cxb4 e6 16. Bc5 Nd5 17. Bxf8 Kxf8 18. b5 axb5 19. Bxb5 Nf4 20. f3 Nxg2+ 21. Kf2 Nf4 22. Ne2 Nd5 23. Rac1 Ke7 24. Nc3 Nc7 25. Be2 Rhc8 26. b4 e5 27. a5 Ne6 28. Nb5 Nf4 29. Bc4 Ba6 30. Na3 Bxc4 31. Rxc4 Nd3+ 32. Ke3 Nxb4 33. Rhc1 Nd5+ 34. Ke4 Nf6+ 35. Kxe5 Rxa5+ 36. Kd4 Rd8+ 0-1


[Site "https://www.chess.com"]

[Event "Titled Tuesday Blitz June 15 2021"]
[White "Siddharth, Jagadeesh"]
[Black "Murzin, Volodar"]
[WhiteFideId "5818320"]
[BlackFideId "44155573"]
[WhiteElo "2127"]
[BlackElo "2541"]
[Result "0-1"]
[Round "03"]
[TimeControl "180+1"]
[Date "2021.06.15"]
[WhiteClock "0:00:04"]
[BlackClock "0:00:05"]

1. e4 c6 2. Nf3 d5 3. d3 Qc7 4. Nc3 Nf6 5. e5 Nfd7 6. d4 e6 7. Ne2 c5 8. c3 Nc6 9. Nf4 Qa5 10. a3 Be7 11. Bd2 Qb6 12. Bc1 a5 13. h4 a4 14. h5 h6 15. Rh3 Qb3 16. Qd2 cxd4 17. Nxd4 Qb6 18. Nxc6 bxc6 19. Nd3 c5 20. f4 c4 21. Nf2 Nc5 22. Qe3 Rb8 23. Rb1 Qb3 24. Qd2 Qa2 25. Qc2 Bd7 26. Be2 Qb3 27. Bd1 Qxc2 28. Bxc2 Nb3 29. Kd1 Nxc1 30. Kxc1 Bc5 31. Nd1 Ke7 32. Rg3 Rbg8 33. Ra1 Be8 34. Ne3 g5 35. hxg6 fxg6 36. Kd2 g5 37. f5 Rf8 38. f6+ Kd8 39. Rh1 Kc7 40. Bd1 Bf7 41. Bh5 Be8 42. Bxe8 Rxe8 43. Nc2 Rb8 44. Nb4 Kd7 45. Rgh3 Ke8 46. Rxh6 Rxh6 47. Rxh6 Kf7 48. Rh7+ Kg6 49. Rg7+ Kf5 50. f7 Rf8 51. Nc6 g4 52. Ke2 Kf4 53. Rh7 Kg5 54. Rg7+ Kf5 55. Rg8 Rxf7 56. Rc8 Rb7 57. Nb4 Bxb4 58. axb4 Kxe5 59. Ra8 d4 60. Rxa4 d3+ 61. Kd2 Rf7 62. Ra5+ Ke4 63. Ke1 g3 64. Rc5 Rf2 65. Rxc4+ Ke3 66. Rg4 d2+ 67. Kd1 Rf1+ 0-1


[Site "https://www.chess.com"]

[Event "Titled Tuesday Blitz June 15 2021"]
[White "Siniauski, Artsiom"]
[Black "Gormally, Daniel W"]
[WhiteFideId "13512269"]
[BlackFideId "406465"]
[WhiteElo "2212"]
[BlackElo "2543"]
[Result "1/2-1/2"]
[Round "03"]
[TimeControl "180+1"]
[Date "2021.06.15"]
[WhiteClock "0:00:07"]
[BlackClock "0:00:37"]

1. e4 c5 2. Nf3 d6 3. Bb5+ Nd7 4. d4 Nf6 5. e5 cxd4 6. Qxd4 dxe5 7. Nxe5 a6 8. Bxd7+ Bxd7 9. O-O Be6 10. Be3 Qxd4 11. Bxd4 Nd7 12. Nc3 Nxe5 13. Bxe5 f6 14. Bd4 Rc8 15. Rfd1 Bf5 16. Rd2 e5 17. Bb6 Bb4 18. Rad1 Kf7 19. f3 h5 20. Kf2 Bxc3 21. bxc3 Rxc3 22. Ba5 Rxc2 23. Rxc2 Bxc2 24. Rd7+ Kg6 25. Rxb7 Rc8 26. Rc7 Bf5 27. Rxc8 Bxc8 28. Ke3 Kf5 29. g3 g5 30. Bd8 Ke6 31. h4 Kf5 32. a3 Bb7 33. Bc7 Bc6 34. Bb8 Ba4 35. Bc7 Bd1 36. Bb8 Ke6 37. Bc7 Kd7 38. Bb8 g4 39. f4 Ke6 40. Bc7 Kd5 41. Bb8 Bf3 42. Bc7 Be4 43. Bd8 f5 44. Bc7 exf4+ 45. Kxf4 Kc6 46. Bd8 Bd5 47. Kxf5 Bf7 48. Kf6 Be8 49. Ba5 Kd7 50. Bb4 Kd8 51. Be7+ 1/2-1/2


[Site "https://www.chess.com"]

[Event "Titled Tuesday Blitz June 15 2021"]
[White "Starozhilov, Leonid"]
[Black "Perez Ponsa, Federico"]
[WhiteFideId "14106752"]
[BlackFideId "117927"]
[WhiteElo "2414"]
[BlackElo "2672"]
[Result "0-1"]
[Round "03"]
[TimeControl "180+1"]
[Date "2021.06.15"]
[WhiteClock "0:00:04"]
[BlackClock "0:02:00"]

1. e4 c5 2. Nf3 d6 3. Bb5+ Nd7 4. O-O a6 5. Bxd7+ Bxd7 6. c3 Nf6 7. Re1 Bg4 8. d4 cxd4 9. cxd4 d5 10. e5 Ne4 11. h3 Bf5 12. Nh4 Bd7 13. f3 Ng3 14. e6 Bxe6 15. Nc3 Nf5 16. Nxf5 Bxf5 17. Qb3 e6 18. Qxd5 Qxd5 19. Nxd5 Bd6 20. Bf4 O-O-O 21. Bxd6 Rxd6 22. Ne7+ Kd7 23. Nxf5 exf5 24. Rad1 Rc8 25. Rd2 Rc4 26. Red1 Rdc6 27. Kf2 Kd6 28. Ke3 Kd5 29. a3 g5 30. g3 Re6+ 31. Kf2 h6 32. h4 f6 33. Kg2 Re3 34. Kf2 Rb3 35. hxg5 hxg5 36. Kg2 a5 37. Kf2 a4 38. Kg2 b5 39. Kf2 b4 40. axb4 Rbxb4 41. Ke3 Rb3+ 42. Kf2 Rcb4 43. Ra1 Rxb2 44. Rxb2 Rxb2+ 45. Ke3 Rb3+ 46. Kd2 a3 0-1


[Site "https://www.chess.com"]

[Event "Titled Tuesday Blitz June 15 2021"]
[White "Stelmaszyk, Nico"]
[Black "Vaishali, Rameshbabu"]
[WhiteFideId "16200462"]
[BlackFideId "5091756"]
[WhiteElo "2119"]
[BlackElo "2313"]
[Result "0-1"]
[Round "03"]
[TimeControl "180+1"]
[Date "2021.06.15"]
[WhiteClock "0:00:03"]
[BlackClock "0:00:10"]

1. e4 g6 2. d4 Bg7 3. c3 d6 4. Bd3 e5 5. Be3 Nf6 6. f3 O-O 7. Ne2 Nbd7 8. Nd2 a5 9. O-O a4 10. Kh1 a3 11. b3 d5 12. Rc1 Re8 13. Bg1 b6 14. Bb1 Bb7 15. exd5 exd4 16. Nxd4 Bxd5 17. c4 Bb7 18. Re1 Ne5 19. Ne4 Nfd7 20. Nb5 f5 21. Ng3 Nc5 22. Qxd8 Raxd8 23. Bxc5 bxc5 24. Rcd1 Rxd1 25. Rxd1 Nxf3 26. Nxc7 Re1+ 27. Rxe1 Nxe1 28. Nd5 Bd4 29. Ne2 Bf2 30. Nef4 Kf7 31. Nd3 Nxd3 32. Bxd3 Ke6 33. Nc3 h5 34. Nb5 h4 35. h3 Ke5 36. Be2 Kf4 37. Nxa3 Kg3 38. Bf1 f4 39. Nc2 f3 40. Ne1 Bxe1 41. gxf3 Bxf3+ 42. Kg1 Bf2# 0-1


[Site "https://www.chess.com"]

[Event "Titled Tuesday Blitz June 15 2021"]
[White "Steven_Rojas"]
[Black "Assaubayeva, Bibisara"]
[BlackFideId "13708694"]
[WhiteElo "2523"]
[BlackElo "2232"]
[Result "0-1"]
[Round "03"]
[TimeControl "180+1"]
[Date "2021.06.15"]
[WhiteClock "0:00:01"]
[BlackClock "0:00:53"]

1. c4 Nf6 2. Nc3 g6 3. g3 Bg7 4. Bg2 O-O 5. d4 Nc6 6. e3 d6 7. Nge2 e5 8. O-O Re8 9. d5 Ne7 10. e4 Rf8 11. h3 Nd7 12. g4 f5 13. exf5 gxf5 14. Ng3 Nc5 15. Nh5 Bh8 16. b4 e4 17. bxc5 Bxc3 18. Bh6 Rf7 19. Rc1 Be5 20. Qd2 Ng6 21. cxd6 cxd6 22. c5 dxc5 23. Rxc5 Qd6 24. Rfc1 Bd7 25. Qg5 Kh8 26. Rc7 Rg8 27. Qd2 Nh4 28. Bh1 fxg4 29. Kf1 g3 30. Be3 Bxh3+ 31. Ke2 Rxc7 32. Rxc7 Qxc7 33. Bf4 Bg4+ 34. Ke1 Bxh5 35. Qd4 Bxd4 36. Bxc7 gxf2+ 37. Kd2 f1=Q 0-1


[Site "https://www.chess.com"]

[Event "Titled Tuesday Blitz June 15 2021"]
[White "Stribuk, Artiom"]
[Black "Svane, Frederik"]
[WhiteFideId "13515659"]
[BlackFideId "12923044"]
[WhiteElo "2177"]
[BlackElo "2459"]
[Result "1/2-1/2"]
[Round "03"]
[TimeControl "180+1"]
[Date "2021.06.15"]
[WhiteClock "0:02:42"]
[BlackClock "0:01:59"]

1. d4 Nf6 2. c4 e6 3. g3 d5 4. Nf3 Bb4+ 5. Bd2 Be7 6. Bg2 O-O 7. O-O c6 8. Qc2 b6 9. Bf4 Nbd7 10. Rd1 Bb7 11. Ne5 Nh5 12. Bd2 Nhf6 13. Bf4 Nh5 14. Bd2 Rc8 15. Nc3 Nhf6 16. Bf4 Nh5 17. Bc1 Nhf6 18. Bf4 Nh5 19. Bc1 Nhf6 20. Bf4 1/2-1/2


[Site "https://www.chess.com"]

[Event "Titled Tuesday Blitz June 15 2021"]
[White "Suvorov, Luca"]
[Black "Annaberdiyev, Babageldi"]
[WhiteFideId "12977071"]
[BlackFideId "14000385"]
[WhiteElo "2127"]
[BlackElo "2332"]
[Result "0-1"]
[Round "03"]
[TimeControl "180+1"]
[Date "2021.06.15"]
[WhiteClock "0:00:01"]
[BlackClock "0:00:46"]

1. d4 Nf6 2. c4 g6 3. f3 Bg7 4. e4 d6 5. Nc3 O-O 6. Be3 e5 7. Nge2 Nc6 8. d5 Ne7 9. Qd2 c6 10. g4 Bxg4 11. fxg4 Nxg4 12. Bh3 Nxe3 13. Qxe3 cxd5 14. cxd5 b5 15. O-O-O Qa5 16. a3 b4 17. axb4 Qxb4 18. Rd2 f5 19. Rg1 a5 20. Qg5 Rf7 21. Ng3 a4 22. Nxf5 Nxf5 23. exf5 a3 24. Qe3 a2 25. Nxa2 Rxa2 26. Kd1 Ra1+ 27. Ke2 Rxg1 28. Qxg1 Bh6 29. Rc2 Qe4+ 30. Kf1 Qxc2 31. Qxg6+ 0-1


[Site "https://www.chess.com"]